cohdb
Replays
Latest Replays
All Replays
Popular Replays
Top Player Replays
Match Explorer
How It Works
Community
CoH3 Stats
Reddit
Sign in to upload your games and track your stats! →
Sign in with Steam
Match 40336614
Unlisted
Match 40336614
Overview
Messages
Build Orders
End
Construct Weapon Support Center
Engineer Squad
Selects Heavy Weapons
Selects Heavy Weapons
M1919 Machine Gun Team
Bazooka Squad
Bazooka Squad
Selects M2HB .50cal Heavy Machine Gun
M1919 Machine Gun Team
Mechanized Support Center
M3 Armored Personnel Carrier
Construct Motor Pool
Selects Assault Carriers
Designate Forward Repair Station
M8 Greyhound Armored Car
M3 75 mm Gun Motor Carriage
Scout Squad
Improvised Armor
M8 Greyhound Armored Car
Rapid Repairs
Salvage Crew
Selects Exchangeable Parts
M3 75 mm Gun Motor Carriage
Improved M9 Bazooka Rockets
M3 75 mm Gun Motor Carriage
Engineer Squad
Designate Forward Repair Station
きめぇ丸
JVevermore
Chubbybro
布莱克.迪克
芝士雪豹
RamboRy
ninjayas
CPU - VERY EASY
0
0
Comments
sign in to comment!
No comments posted yet!